 Dungeon Sprint DCSS version 0.29-a0-392-g297d3b089c (webtiles) character file.

Game seed: 15130693564033337817

10180 mhtbhm the Severer (level 11, -19/181 HPs)
             Began as a Minotaur Berserker on May 8, 2022.
             Was the Champion of Trog.
             Shot with an arrow by a deep elf master archer (32 damage)
             ... in the Dungeon (Sprint II: "The Violet Keep of Menkaure").
             The game lasted 00:06:05 (1630 turns).

mhtbhm the Severer (Minotaur Berserker)             Turns: 1630, Time: 00:06:05

Health: -19/181    AC: 22    Str: 26    XL:     11   Next: 32%
Magic:  10/10      EV: 11    Int:  4    God:    Trog [******]
Gold:   909        SH:  0    Dex: 10    Spells: 10/10 levels left

rFire   . . .      SeeInvis .   a - +3 executioner's axe (vorpal)
rCold   + . .      Faith    +   (shield currently unavailable)
rNeg    . . .      Spirit   .   b - +5 plate armour of Apuxzen {Regen+}
rPois   +          Reflect  .   (helmet restricted)
rElec   .          Harm     .   (no cloak)
rCorr   .          Rampage  .   (no gloves)
Will    .....      NoTele   +   (no boots)
Stlth   ..........              t - amulet of faith
HPRegen 1.20/turn               c - ring of poison resistance
MPRegen 0.12/turn               x - ring of protection from cold

@: berserking, flying, hasted, very quick
A: horns 2, retaliatory headbutt, deterioration 1, MP-powered wands
a: Renounce Religion, Berserk, Trog's Hand, Brothers in Arms


You were in the Dungeon.
You worshipped Trog.
Trog was exalted by your worship.
You visited 1 branch You collected 1877 gold pieces.
You spent 968 gold pieces at shops.

Inventory:

Hand Weapons
 a - a +3 vorpal executioner's axe (weapon)
Missiles
 y - 3 poisoned darts (quivered)
Armour
 b - the +5 plate armour of Apuxzen (worn) {Regen+}
   (You bought it in a shop in the Dungeon)

   Regen:     It increases your rate of health regeneration.
Jewellery
 c - a ring of poison resistance (left hand)
 r - a ring of willpower
 t - an amulet of faith (around neck)
 x - a ring of protection from cold (right hand)
Scrolls
 h - 2 scrolls of blinking
 j - 2 scrolls of amnesia {unknown}
 k - a scroll of fear {unknown}
 n - 2 scrolls of vulnerability {unknown}
 p - 4 scrolls of fog {unknown}
 s - 3 scrolls of enchant armour {unknown}
 u - a scroll of torment {unknown}
 v - a scroll of enchant weapon {unknown}
Potions
 d - 3 potions of heal wounds
 e - a potion of haste
 f - 5 potions of magic
 g - a potion of berserk rage
 m - a potion of ambrosia
 o - a potion of attraction
 q - a potion of mutation
 w - 5 potions of flight
 z - 3 potions of resistance


   Skills:
 + Level 18.7 Fighting
 + Level 20.4 Axes
 + Level 15.6 Armour
 + Level 10.0 Dodging
 + Level 2.8 Stealth


You had 10 spell levels left.
You didn't know any spells.
Your spell library was empty.

Dungeon Overview and Level Annotations

Branches:
Dungeon (1/1)

Altars:
Cheibriados
Dithmenos
Elyvilon
Fedhas
Gozag
Hepliaklqana
Kikubaaqudgha
Makhleb
Nemelex Xobeh
Okawaru
Qazlal
Ru
Sif Muna
Trog
Uskayaw
Vehumet
Wu Jian
Xom
Yredelemnul
Zin
The Shining One
Beogh
Jiyva
Lugonu

Shops:
D (:[[![=!=**??*:

Annotations:
D exclusion: oklob plant, Roxanne


Innate Abilities, Weirdness & Mutations

You have a pair of horns on your head.
You reflexively headbutt those who attack you in melee.
Your body sometimes deteriorates upon taking damage.
You expend magic power (3 MP) to strengthen your wands.


Message History

z - 3 potions of resistance
Okay, then.
It was a potion of flight.
You feel very buoyant.
You fly up into the air.
You feel yourself speed up.
There is an open door, spattered with blood here.
Things that are here:
2 potions of degeneration; a yak corpse; a yak corpse The deep elf master archer shouts!
Really fly into that net trap? [Y]es or [N]o only, please.
Really fly into that net trap?
Okay, then.
The deep elf master archer shoots an arrow.
The arrow hits you.
The deep elf master archer shoots an arrow.
The arrow hits you!
The deep elf master archer shoots an arrow.
The arrow hits you! The arrow freezes you.
The deep elf master archer shoots an arrow.
The arrow hits you!! The arrow freezes you.
Unknown command.
The deep elf master archer shoots an arrow.
The arrow hits you!! The arrow freezes you.
A red film seems to cover your vision as you go berserk!
You feel yourself moving faster!
You feel mighty!
The deep elf master archer shoots an arrow.
The arrow hits you. The arrow freezes you.
The deep elf master archer shoots an arrow.
The arrow hits you!!!
* * * LOW HITPOINT WARNING * * *
The arrow freezes you!
* * * LOW HITPOINT WARNING * * *
You barely miss the deep elf master archer.
You headbutt the deep elf master archer!
The deep elf master archer is lightly wounded.
The deep elf master archer shoots an arrow.
The arrow hits you!!
You die...

************** *,,,,* ***********
,,*,∩∩∩∩+,+,,***,,,,***,,,,,+,,,+
,,*******,****,,,,,,,,*,,,,,*,,,*
+**,,****+****,,,,,,,,*,,,,,*,▓▓▓
,,+,**,,≈≈,,≈**⌠,,,,*+***,,,*,..▓
,,***≈,≈§≈≈.≈,**,,,,*,,*▓▓+▓▓▓▓.▓
*,,+≈≈≈≈§8.,≈≈,##++##,,,+°○.▓0..▓
,***#≈≈≈≈≈.,≈,##§...###,#..°▓▓▓▓▓
,,,≈##,≈≈≈§≈,*#e@^^...###°○.▓§≈≈≈
###≈≈#+++#+++*####..^^#.##[[▓▓▓▓▓
##≈≈≈........,#..!....#..#)○▓.).(
.#≈≈≈≈.##'##..#..####.#..#"}▓.[..
.#≈≈≈≈##...##.####.:'.##.#=)▓....
.#≈≈≈≈#..##.#,...#..#..÷####▓....
.#≈≈######.####..#####..##.#▓)):[
.#≈##.###'###.##..#..'.)#..#▓....
.#≈#...##.##÷..#..#.(#..#..#▓.))(


You could see a deep elf master archer.

Vanquished Creatures
  A kraken (D)
  2 sphinxes (D)
  A crystal guardian (D)
  An ice dragon (D)
  A death yak (D)
  2 deep trolls (D)
  A yaktaur (D)
  3 polar bears (D)
  A hornet (D)
  3 yaks (D)
  4 neqoxecs (D)
  Menkaure (D)
  4 water moccasins (D)
  A swamp drake (D)
  5 scorpions (D)
  4 necrophages (D)
  3 worms (D)
  3 tentacles (D)
41 creatures vanquished.

Vanquished Creatures (collateral kills)
  2 death drakes (D)
  A swamp drake (D)
3 creatures vanquished.

Vanquished Creatures (others)
  15 tentacles (D)
15 creatures vanquished.

Grand Total: 59 creatures vanquished

Notes
Turn   | Place    | Note
-------+----------+-------------------------------------------
     0 | D        | mhtbhm the Minotaur Berserker began the quest for the Orb.
     0 | D        | Reached XP level 1. HP: 19/19 MP: 0/0
     1 | D        | Noticed a scorpion
     1 | D        | Noticed a scorpion
    10 | D        | Killed a scorpion
    11 | D        | Reached skill level 6 in Axes
    11 | D        | Reached XP level 2. HP: 29/31 MP: 1/1
    11 | D        | Reached XP level 3. HP: 36/38 MP: 2/2
    15 | D        | Killed a scorpion
    16 | D        | Reached skill level 8 in Axes
    16 | D        | Reached XP level 4. HP: 39/48 MP: 3/3
   263 | D        | Noticed a scorpion
   263 | D        | Noticed a scorpion
   268 | D        | Killed a scorpion
   268 | D        | Reached ** piety under Trog
   269 | D        | Reached skill level 9 in Axes
   269 | D        | Reached XP level 5. HP: 56/56 MP: 4/4
   346 | D        | Reached skill level 5 in Armour
   346 | D        | Reached skill level 5 in Dodging
   370 | D        | Noticed a neqoxec
   371 | D        | Noticed a neqoxec
   371 | D        | Gained mutation: Your body sometimes deteriorates upon
                  | taking damage. [a neqoxec]
   372 | D        | Gained mutation: You expend magic power (3 MP) to
                  | strengthen your wands. [a neqoxec]
   375 | D        | Killed a neqoxec
   376 | D        | Reached skill level 10 in Fighting
   376 | D        | Reached skill level 10 in Axes
   376 | D        | Reached XP level 6. HP: 67/67 MP: 5/5
   378 | D        | Killed a neqoxec
   379 | D        | Reached skill level 11 in Axes
   379 | D        | Noticed a neqoxec
   379 | D        | Noticed a neqoxec
   381 | D        | Killed a neqoxec
   381 | D        | Reached *** piety under Trog
   382 | D        | Reached skill level 12 in Axes
   382 | D        | Reached XP level 7. HP: 77/77 MP: 6/6
   383 | D        | Killed a neqoxec
   384 | D        | Identified Roxanne's Tome of Stones
   384 | D        | Noticed Roxanne
   440 | D        | Reached **** piety under Trog
   463 | D        | Reached skill level 13 in Axes
   474 | D        | Reached ***** piety under Trog
   545 | D        | Found Qimu's Book Shop.
   545 | D        | Found Erileath's General Store.
   545 | D        | Found Fan Yse's Jewellery Boutique.
   545 | D        | Found Ytewk's Magic Scroll Boutique.
   545 | D        | Found Ytoatakh's Assorted Antiques.
   545 | D        | Found Immaum's Distillery.
   545 | D        | Found Leik's General Store.
   546 | D        | Found Jubarphao's Magic Scroll Shop.
   546 | D        | Found Hysuly's Jewellery Boutique.
   546 | D        | Found Reibliem's Antique Armour Boutique.
   570 | D        | Reached XP level 8. HP: 70/86 MP: 7/7
   636 | D        | Found Haib's Distillery.
   637 | D        | Noticed an iron elemental
   638 | D        | Found Suwo's Antique Armour Boutique.
   638 | D        | Found Woofeu's Antique Armour Shop.
   638 | D        | Noticed Menkaure
   638 | D        | Noticed an oklob plant
   639 | D        | Found Weoptaru's Antique Weapon Boutique.
   639 | D        | Found Niod's Book Shoppe.
   639 | D        | Noticed a slime creature
   640 | D        | Noticed a slime creature
   650 | D        | Killed Menkaure
   651 | D        | Reached skill level 14 in Axes
   654 | D        | Noticed a slime creature
   656 | D        | Noticed a great orb of eyes
   665 | D        | Bought a crude plate armour for 504 gold pieces
   665 | D        | Identified the +5 plate armour of Apuxzen {Regen+} (You
                  | bought it in a shop in the Dungeon)
   672 | D        | Bought a ring of poison resistance for 220 gold pieces
   681 | D        | Bought a scroll of magic mapping for 49 gold pieces
   686 | D        | Bought a potion of heal wounds for 65 gold pieces
   686 | D        | Bought a potion of haste for 130 gold pieces
   746 | D        | Found a glowing silver altar of Zin.
   747 | D        | Found a glowing golden altar of the Shining One.
   747 | D        | Found a basalt altar of Yredelemnul.
   747 | D        | Found a hide-covered altar of Uskayaw.
   748 | D        | Found a shimmering altar of Xom.
   748 | D        | Found a bloodstained altar of Trog.
   749 | D        | Found an ornate altar of the Wu Jian Council.
   749 | D        | Found a shimmering blue altar of Sif Muna.
   749 | D        | Found a corrupted altar of Lugonu.
   749 | D        | Found a radiant altar of Vehumet.
   749 | D        | Found a burning altar of Makhleb.
   750 | D        | Found a sacrificial altar of Ru.
   750 | D        | Found an ancient bone altar of Kikubaaqudgha.
   750 | D        | Found a white marble altar of Elyvilon.
   751 | D        | Found a stormy altar of Qazlal.
   751 | D        | Found a viscous altar of Jiyva.
   751 | D        | Found a shadowy altar of Dithmenos.
   752 | D        | Found a hazy altar of Hepliaklqana.
   752 | D        | Found a snail-covered altar of Cheibriados.
   754 | D        | Noticed a yaktaur
   754 | D        | Noticed a hornet
   754 | D        | Noticed a polar bear
   754 | D        | Noticed a polar bear
   764 | D        | Killed a polar bear
   764 | D        | Noticed a polar bear
   771 | D        | Killed a polar bear
   772 | D        | Reached skill level 1 in Stealth
   775 | D        | Killed a hornet
   776 | D        | Reached skill level 15 in Axes
   787 | D        | Killed a polar bear
   788 | D        | Reached XP level 9. HP: 48/96 MP: 8/8
   801 | D        | Killed a yaktaur
   856 | D        | Noticed a kraken
   987 | D        | Killed a kraken
   987 | D        | Received a gift from Trog
   988 | D        | Reached skill level 15 in Fighting
   988 | D        | Reached skill level 16 in Axes
   988 | D        | Reached skill level 10 in Armour
  1162 | D        | Reached skill level 17 in Axes
  1186 | D        | Found a blossoming altar of Fedhas.
  1187 | D        | Found an opulent altar of Gozag.
  1198 | D        | Found a sparkling altar of Nemelex Xobeh.
  1199 | D        | Found an iron altar of Okawaru.
  1228 | D        | Noticed a deep troll
  1228 | D        | Noticed a deep troll
  1234 | D        | Killed a deep troll
  1234 | D        | Killed a deep troll
  1234 | D        | Reached ****** piety under Trog
  1235 | D        | Reached skill level 10 in Dodging
  1235 | D        | Reached XP level 10. HP: 40/108 MP: 9/9
  1309 | D        | Noticed a sphinx
  1309 | D        | Noticed a sphinx
  1314 | D        | Killed a sphinx
  1314 | D        | Received a gift from Trog
  1315 | D        | Reached skill level 18 in Axes
  1315 | D        | Killed a sphinx
  1387 | D        | Noticed a death drake
  1389 | D        | Noticed a death drake
  1400 | D        | Killed a death drake
  1401 | D        | Reached skill level 19 in Axes
  1401 | D        | Killed a death drake
  1402 | D        | Reached XP level 11. HP: 47/119 MP: 10/10
  1480 | D        | Noticed a crystal guardian
  1483 | D        | Killed a crystal guardian
  1484 | D        | Reached skill level 15 in Armour
  1522 | D        | Received a gift from Trog
  1527 | D        | Noticed a death yak
  1532 | D        | Killed a death yak
  1545 | D        | Noticed an ice dragon
  1551 | D        | Killed an ice dragon
  1552 | D        | Reached skill level 20 in Axes
  1571 | D        | Noticed a deep elf master archer
  1630 | D        | Shot with an arrow by a deep elf master archer

Illustrated notes

Levels and vault maps discovered:
D:        the_violet_keep_of_menkaure [sprint2_stairs_cluster_1,
          sprint2_shoproom, sprint2_temple, sprint2_basic_supplies,
          sprint2_obstacle_7, sprint2_obstacle_1, sprint2_obstacle_6,
          sprint2_obstacle_5, sprint2_obstacle_2, sprint2_timed_cluster_1,
          sprint2_smallroom_cluster_1, sprint2_smallroom_final_cluster_1,
          sprint2_transparent_cluster_1, sprint2_second_timed_cluster_1,
          sprint2_sniper_area_1, sprint2_heavy_combat_area_1,
          sprint2_mutation_trap_area_1, sprint2_forest_area_1,
          sprint2_light_combat_area_1, sprint2_behind_water_1,
          sprint2_near_end_vault_1]

Skill      XL: |  1  2  3  4  5  6  7  8  9 10 11 |
---------------+----------------------------------+-----
Fighting       | 6 7 8 10 12 13 14 16 18 | 18.7
Axes           | 6 8 9 10 12 13 15 17 19 20 | 20.4
Armour         | 3 4 5 6 8 12 14 15 | 15.6
Dodging        | 3 4 5 6 7 8 10 | 10.0
Stealth        | 1 2 |  2.8

Action                   |  1- 3 |  4- 6 |  7- 9 | 10-12 || total
-------------------------+-------+-------+-------+-------++-------
Melee: Hand axe          |    11 |    18 |   111 |       ||   140
       Headbutt          |     1 |     5 |    29 |    13 ||    48
       Punch             |       |       |     6 |       ||     6
       Executioner's axe |       |       |    11 |    32 ||    43
Invok: Berserk           |     1 |     1 |     3 |     4 ||     9
       Brothers in Arms  |       |       |       |     1 ||     1
  Use: Potion            |     1 |       |       |     3 ||     4
       Scroll            |       |       |     1 |     5 ||     6
 Stab: Distracted        |       |       |       |     1 ||     1
Armor: Animal skin       |       |       |     3 |       ||     3
       Plate armour      |       |       |    53 |    22 ||    75
Dodge: Dodged            |     9 |    10 |    56 |    13 ||    88

Table legend: (Time is in decaauts)
 A = Elapsed time spent in this place.
 B = Non-inter-level travel time spent in this place.
 C = Inter-level travel time spent in this place.
 D = Time resting spent in this place.
 E = Time spent auto-exploring this place.
 F = Levels seen in this place.
 G = Mean time per level.
                   A        B        C        D        E       F      G
               +--------+--------+--------+--------+--------+-----+--------+
         Total |   1743 |   1743 |      0 |    955 |      0 |   1 | 1743.0 |
       Dungeon |   1743 |   1743 |      0 |    955 |      0 |   1 | 1743.0 |
               +--------+--------+--------+--------+--------+-----+--------+

Top non-repeatable levels by time:
       D: 1743 daAuts
